 Dungeon Crawl Stone Soup version 0.19-a0-1068-g99dd0f4 (webtiles) character file.

58 Gruud the Grave Robber (level 3, 0/24 HPs)
             Began as a Demonspawn Necromancer on Aug 4, 2016.
             Slain by Pikel
             ... wielding a +1 whip of flaming
              (1 damage)
             ... on level 3 of the Dungeon.
             The game lasted 00:07:26 (1862 turns).

Gruud the Grave Robber (Demonspawn Necromancer)     Turns: 1862, Time: 00:07:30

Health: 0/24       AC:  8    Str: 11 (14) XL:     3   Next: 76%
Magic:  1/7        EV: 12    Int: 13 (16) God:
Gold:   112        SH:  0    Dex: 11 (13) Spells: 3 memorised, 2 levels left

rFire  + . .     SeeInvis .     t - +2 flail (venom)
rCold  + . .     Gourm    .     a - +0 robe
rNeg   . . .     Faith    .     (no shield)
rPois  +         Spirit   .     (no helmet)
rElec  +         Dismiss  .     (no cloak)
rCorr  +         Reflect  .     (no gloves)
SustAt .         Harm     .     (no boots)
MR     .....                    (no amulet)
Stlth  ++........               (no ring)
                                (no ring)

@: mighty, resistant, sanguine armour, flying
A: claws 1, sanguine armour 1
a: no special abilities


You were on level 3 of the Dungeon.
You were not hungry.

You visited 1 branch of the dungeon, and saw 4 of its levels.

You collected 112 gold pieces.

Inventory:

Hand Weapons
 e - a +0 dagger
 j - a +0 hand axe
 t - a +2 flail of venom (weapon)
Armour
 a - a +0 robe (worn)
Scrolls
 g - a scroll of enchant weapon {unknown}
 h - 2 scrolls of remove curse
 l - a scroll of amnesia {unknown}
 n - a scroll of fear {unknown}
 v - a scroll of noise {unknown}
Potions
 d - 3 potions of brilliance
 k - 2 potions of might
 q - a potion of agility {unknown}
 s - a potion of cancellation {unknown}
Books
 b - a book of Necromancy

   Spells                             Type                      Level
   a - Pain                           Necromancy                   1
   b - Animate Skeleton               Necromancy                   1
   c - Vampiric Draining              Necromancy                   3
   d - Regeneration                   Charms/Necromancy            3
   e - Animate Dead                   Necromancy                   4
   f - Control Undead                 Necromancy                   4
 r - a book of Necromancy

   Spells                             Type                      Level
   a - Pain                           Necromancy                   1
   b - Animate Skeleton               Necromancy                   1
   c - Vampiric Draining              Necromancy                   3
   d - Regeneration                   Charms/Necromancy            3
   e - Animate Dead                   Necromancy                   4
   f - Control Undead                 Necromancy                   4
Comestibles
 c - a bread ration
 m - 3 meat rations
 w - a beef jerky


   Skills:
 - Level 1.7 Dodging
 - Level 1.7 Stealth
 + Level 2.9 Spellcasting
 * Level 5.3 Necromancy


You had 2 spell levels left.
You knew the following spells:

 Your Spells              Type           Power        Failure   Level  Hunger
a - Pain                  Necr           ###.         2%          1    #......
b - Animate Skeleton      Necr           N/A          2%          1    #......
c - Vampiric Draining     Necr           ###.......   10%         3    ###....


Dungeon Overview and Level Annotations

Branches:
Dungeon (4/15)
 Temple: D:4-7

Altars:
Fedhas
Kikubaaqudgha

Annotations:
D:2 Sigmund
D:3 Gagarin's ghost, amateur TrMo; Pikel


Innate Abilities, Weirdness & Mutations

You have sharp fingernails.
When seriously injured, your bleeding wounds create armour. (AC +6)


Message History

It was a potion of resistance.
You feel protected. Pikel barely misses you.
It was a potion of flight.
You feel very buoyant.
You fly up into the air.
Pikel cracks his whip.
Pikel hits you with a whip of flaming.
* * * LOW HITPOINT WARNING * * *
You feel better. Pikel hits you with a whip of flaming.
* * * LOW HITPOINT WARNING * * *
Pikel burns you.
* * * LOW HITPOINT WARNING * * *
It was a potion of degeneration.
There was something very wrong with that liquid.
You feel weakened.
You feel dopey.
You feel clumsy. Pikel hits you with a whip of flaming.
* * * LOW HITPOINT WARNING * * *
Pikel burns you.
You die...

##.#........#
##.###..####.#
#.## ##.####.#
##.###.......# #
#..#.#.###..#.#
#....#.# #..#.###
#....#.. .......#
#....#####..##..#
#@..............##
#K..######..##....
#...........##..#.
#..........###....
###.######## #.##(
#.# #.##. #.# #.#
# #.##########.###
#...............


You could see Pikel.

Vanquished Creatures
  3 adders
  A giant gecko (D:1)
  An orc (D:3)
  A ball python (D:2)
  6 bats
  2 giant cockroaches (D:1)
  3 goblins
  3 hobgoblins
  A giant newt (D:1)
  3 kobolds (D:1)
  6 rats
30 creatures vanquished.

Notes
Turn   | Place    | Note
-------+----------+-------------------------------------------
     0 | D:1      | Gruud the Demonspawn Necromancer began the quest for the Orb.
     0 | D:1      | Reached XP level 1. HP: 13/13 MP: 3/3
     2 | D:1      | Learned a level 1 spell: Animate Skeleton
   341 | D:1      | Gained mutation: When seriously injured, your bleeding wounds create armour. (AC +6) [demonic ancestry]
   341 | D:1      | Reached XP level 2. HP: 14/19 MP: 3/5
   946 | D:2      | Reached skill level 5 in Necromancy
   946 | D:2      | Gained mutation: You have sharp fingernails. [demonic ancestry]
   946 | D:2      | Reached XP level 3. HP: 13/24 MP: 0/7
   968 | D:2      | Learned a level 3 spell: Vampiric Draining
  1376 | D:2      | Noticed Sigmund
  1464 | D:3      | Noticed Gagarin's ghost (amateur TrMo)
  1573 | D:3      | Found a blossoming altar of Fedhas.
  1579 | D:3      | Found an ancient bone altar of Kikubaaqudgha.
  1822 | D:4      | Noticed a slave
  1822 | D:4      | Noticed a slave
  1823 | D:4      | Noticed Pikel
  1823 | D:4      | Noticed a slave
  1825 | D:4      | Noticed a slave
  1862 | D:3      | HP: 1/24 [Pikel/whip of flaming (5)]
  1862 | D:3      | Slain by Pikel

Vault maps used:
D:1:      minmay_arrival_split_and_join, minmay_statues_item
D:2:      first_bread, uniq_crazy_yiuf_cottage, uniq_sigmund
D:3:      grunt_temple_overflow_growth_and_decay, minmay_misc_feat_plants
D:4:      serial_shops, shop, chequers_ossuary_entry_cave, uniq_pikel

Skill      XL: |  1  2 |
---------------+-------+-----
Necromancy     | 5 |  5.3
Dodging        | |  1.7
Stealth        | |  1.7
Spellcasting   | |  2.9

Action                   || total
-------------------------++-------
Melee: Hand axe          ||    26
       Dagger            ||     1
       Flail             ||    11
 Cast: Pain              ||    44
       Animate Skeleton  ||     2
       Vampiric Draining ||     2
  Use: Potion            ||     6
       Scroll            ||     3
 Stab: Sleeping          ||     3
  Eat: Chunk             ||     3
Armor: Robe              ||    12
Dodge: Dodged            ||    40
